[Event "CZE-ch U16 Girls 2020"]
[Site "Kouty nad Desnou"]
[Date "2020.03.09"]
[Round "3.4"]
[White "Leksova, Sona"]
[Black "Zilava, Anezka"]
[Result "1-0"]
[ECO "C68"]
[WhiteElo "1645"]
[BlackElo "1224"]
[Annotator "NA RC"]
[PlyCount "71"]
[EventDate "2020.03.07"]
[EventCountry "CZE"]
[SourceTitle "playchess.com"]
[Source "ChessBase"]
[SourceQuality "1"]
[TimeControl "5400+30"]

1. e4 e5 2. Nf3 Nc6 3. Bb5 Bc5 4. O-O a6 5. Bxc6 dxc6 6. d3 Bg4 7. Be3 Bd6 8. Nbd2 Ne7 9. Qe1 O-O 10. h3 Be6 11. Rc1 Qd7 12. Ng5 h6 13. Nxe6 Qxe6 14. c4 c5 15. b4 b6 16. bxc5 bxc5 17. Nb3 Rab8 18. Qd2 f5 19. f3 f4 20. Bf2 Nc6 21. Bxc5 Qe7 22. Bxd6 cxd6 23. d4 Qa7 24. Rfd1 Rfc8 25. Kh1 Qc7 26. c5 dxc5 27. Rxc5 Qe7 28. dxe5 Nxe5 29. Rxc8+ Rxc8 30. Qxf4 Rc2 31. Rd2 Rc6 32. Rd5 Ng6 33. Qb8+ Nf8 34. Qd8 Qb4 35. Rf5 Rb6 36. Rxf8+ 1-0

[Event "CZE-ch U16 Girls 2020"]
[Site "Kouty nad Desnou"]
[Date "2020.03.09"]
[Round "3.5"]
[White "Vlachynska, Lilian"]
[Black "Strnadova, Monika"]
[Result "0-1"]
[ECO "B35"]
[WhiteElo "1224"]
[BlackElo "1514"]
[Annotator "NA"]
[PlyCount "62"]
[EventDate "2020.03.07"]
[EventCountry "CZE"]
[SourceTitle "playchess.com"]
[Source "ChessBase"]
[SourceQuality "1"]
[TimeControl "5400+30"]

1. e4 c5 2. Nf3 Nc6 3. d4 cxd4 4. Nxd4 g6 5. Nc3 Bg7 6. Be3 Nf6 7. Bc4 O-O 8. Bb3 e6 9. f3 d5 10. exd5 exd5 11. Qd2 Re8 12. O-O-O Ne5 13. Bf2 Nc4 14. Qd3 Bh6+ 15. Kb1 Ne5 16. Qf1 a6 17. Bg3 Nc6 18. Nde2 Bf5 19. Nxd5 Bxc2+ 20. Kxc2 Nxd5 21. Bxd5 Nb4+ 22. Kb1 Nxd5 23. Nc3 Nxc3+ 24. bxc3 Qb6+ 25. Ka1 Rac8 26. Rb1 Qe3 27. Be1 b5 28. a3 Bg7 29. Rb3 Qc1+ 30. Ka2 Rcd8 31. Qf2 Rd1 0-1

[Event "CZE-ch U16 Girls 2020"]
[Site "Kouty nad Desnou"]
[Date "2020.03.09"]
[Round "3.6"]
[White "Dudova, Pavlina"]
[Black "Londinova, Jasmina Marie"]
[Result "1-0"]
[ECO "C62"]
[WhiteElo "1499"]
[BlackElo "1155"]
[Annotator "NA RC"]
[PlyCount "41"]
[EventDate "2020.03.07"]
[EventCountry "CZE"]
[SourceTitle "playchess.com"]
[Source "ChessBase"]
[SourceQuality "1"]
[TimeControl "5400+30"]

1. e4 e5 2. Nf3 Nc6 3. Bb5 d6 4. O-O Bd7 5. d4 Nxd4 6. Nxd4 exd4 7. Bxd7+ Qxd7 8. Qxd4 Nf6 9. Nc3 Be7 10. b3 Qc6 11. Bb2 Rg8 12. Rfe1 Qd7 13. e5 dxe5 14. Qxe5 Kf8 15. Rad1 Qe8 16. Qxc7 b6 17. Re2 Rd8 18. Qxa7 Rxd1+ 19. Nxd1 Qd8 20. Nc3 g6 21. Rxe7 1-0

[Event "CZE-ch U16 Girls 2020"]
[Site "Kouty nad Desnou"]
[Date "2020.03.09"]
[Round "3.7"]
[White "Kuncicka, Klara"]
[Black "Habinova, Alice"]
[Result "0-1"]
[ECO "B73"]
[WhiteElo "1223"]
[BlackElo "1474"]
[Annotator "NA"]
[PlyCount "62"]
[EventDate "2020.03.07"]
[EventCountry "CZE"]
[SourceTitle "playchess.com"]
[Source "ChessBase"]
[SourceQuality "1"]
[TimeControl "5400+30"]

1. e4 c5 2. Nf3 Nc6 3. Nc3 d6 4. d4 cxd4 5. Nxd4 Nf6 6. Be2 g6 7. O-O Bg7 8. Be3 O-O 9. Kh1 e6 10. Qd2 Re8 11. f4 d5 12. e5 Nd7 13. Ncb5 f6 14. Nd6 Re7 15. Bg4 Nxd4 16. Bxd4 fxe5 17. fxe5 Nxe5 18. Bxe5 Bxe5 19. Nxc8 Qxc8 20. Qg5 Bd6 21. Rae1 Qd7 22. Qf6 Rae8 23. h4 Bc7 24. Rxe6 Rxe6 25. Qf3 Qe7 26. Qxd5 Qxh4+ 27. Bh3 Kg7 28. Qf3 Rf6 29. Qd3 Rxf1+ 30. Qxf1 Re1 31. Qxe1 Qxe1# 0-1

[Event "CZE-ch U16 Girls 2020"]
[Site "Kouty nad Desnou"]
[Date "2020.03.09"]
[Round "3.8"]
[White "Ruzickova, Ema"]
[Black "Maresova, Michaela"]
[Result "0-1"]
[ECO "B35"]
[WhiteElo "1409"]
[BlackElo "1422"]
[Annotator "NA RC"]
[PlyCount "101"]
[EventDate "2020.03.07"]
[EventCountry "CZE"]
[SourceTitle "playchess.com"]
[Source "ChessBase"]
[SourceQuality "1"]
[TimeControl "5400+30"]

1. e4 c5 2. Nf3 Nc6 3. d4 cxd4 4. Nxd4 g6 5. Nc3 Bg7 6. Be3 Nf6 7. Bc4 O-O 8. f3 Qb6 9. Bb3 Nxe4 10. fxe4 Bxd4 11. Bxd4 Qxd4 12. Qe2 d6 13. g4 Ne5 14. h3 Qb6 15. O-O-O Bd7 16. Kb1 Bc6 17. Rhg1 Qc7 18. h4 h6 19. Nd5 Bxd5 20. Bxd5 Rac8 21. Bb3 a6 22. Rdf1 Qb6 23. Rg2 Kg7 24. c3 e6 25. Rgf2 Qc7 26. Rf4 Qb6 27. R1f2 g5 28. Rf6 Nd7 29. R6f3 Ne5 30. Rg3 Qc6 31. Rh2 Rh8 32. Rgh3 Rcd8 33. hxg5 hxg5 34. Qe3 Rxh3 35. Qxg5+ Ng6 36. Rxh3 Qxe4+ 37. Bc2 Qe1+ 38. Qc1 Qxc1+ 39. Kxc1 Rh8 40. Re3 Ne5 41. Re4 Rh2 42. Rb4 b5 43. a4 Nc6 44. Rb3 bxa4 45. Rb6 Ne5 46. Rxd6 Rh1+ 47. Bd1 Nc4 48. Rxa6 Nxb2 49. Kxb2 Rxd1 50. Rxa4 Rd7 51. c4 0-1

[Event "CZE-ch U16 Girls 2020"]
[Site "Kouty nad Desnou"]
[Date "2020.03.09"]
[Round "3.9"]
[White "Merinska, Julie"]
[Black "Saskova, Renata"]
[Result "1-0"]
[ECO "B20"]
[WhiteElo "1182"]
[BlackElo "1191"]
[Annotator "NA"]
[PlyCount "49"]
[EventDate "2020.03.07"]
[EventCountry "CZE"]
[SourceTitle "playchess.com"]
[Source "ChessBase"]
[SourceQuality "1"]
[TimeControl "5400+30"]

1. e4 c5 2. f4 d6 3. Nf3 Nf6 4. d3 e6 5. g3 Nc6 6. Bg2 Be7 7. Nbd2 a6 8. a4 b6 9. b3 Bb7 10. Bb2 d5 11. e5 Nd7 12. d4 f6 13. O-O O-O 14. Kh1 Re8 15. Qe2 Qc7 16. Bh3 f5 17. g4 cxd4 18. Nxd4 Nxd4 19. Bxd4 g6 20. gxf5 exf5 21. Rg1 Rf8 22. Qh5 Qxc2 23. Rxg6+ hxg6 24. Qxg6+ Kh8 25. Qh5+ 1-0

[Event "CZE-ch U16 Girls 2020"]
[Site "Kouty nad Desnou"]
[Date "2020.03.09"]
[Round "4.1"]
[White "Vavrinkova, Anna"]
[Black "Dvorakova, Olga"]
[Result "1/2-1/2"]
[ECO "C62"]
[WhiteElo "1622"]
[BlackElo "1793"]
[Annotator "NA"]
[PlyCount "61"]
[EventDate "2020.03.07"]
[EventCountry "CZE"]
[SourceTitle "playchess.com"]
[Source "ChessBase"]
[SourceQuality "1"]
[TimeControl "5400+30"]

1. e4 e5 2. Nf3 Nc6 3. Bb5 d6 4. d4 exd4 5. Nxd4 Bd7 6. O-O Nf6 7. Bg5 Be7 8. Re1 O-O 9. Bxc6 bxc6 10. c3 h6 11. Bh4 Nh7 12. Bxe7 Qxe7 13. Nd2 Rfe8 14. f4 c5 15. Ne2 Qf6 16. Rf1 Bb5 17. c4 Bc6 18. Qc2 Rab8 19. b3 Qg6 20. Nc3 f5 21. Rae1 Nf6 22. Rf2 fxe4 23. Rfe2 Qg4 24. g3 Re6 25. Nf1 Rbe8 26. Ne3 Qh3 27. Ncd5 Bxd5 28. Nxd5 Nxd5 29. cxd5 R6e7 30. Rxe4 Rxe4 31. Rxe4 1/2-1/2

[Event "CZE-ch U16 Girls 2020"]
[Site "Kouty nad Desnou"]
[Date "2020.03.09"]
[Round "4.2"]
[White "Stastna, Martina"]
[Black "Dudova, Pavlina"]
[Result "1/2-1/2"]
[ECO "B22"]
[WhiteElo "1700"]
[BlackElo "1499"]
[Annotator "NA"]
[PlyCount "74"]
[EventDate "2020.03.07"]
[EventCountry "CZE"]
[SourceTitle "playchess.com"]
[Source "ChessBase"]
[SourceQuality "1"]
[TimeControl "5400+30"]

1. e4 e6 2. d4 d5 3. Nd2 c5 4. c3 Nc6 5. exd5 exd5 6. Ngf3 cxd4 7. cxd4 Bd6 8. Be2 Nge7 9. O-O O-O 10. Re1 Bf5 11. Nf1 Rc8 12. Ng3 Bxg3 13. hxg3 Nb4 14. g4 Bg6 15. Qb3 Nc2 16. Bf4 Nxa1 17. Rxa1 Qb6 18. Qxb6 axb6 19. Bb5 Nc6 20. Bd6 Rfd8 21. Bg3 Be4 22. Rd1 f6 23. Nh4 Na7 24. Bd3 Bxd3 25. Rxd3 Re8 26. Rb3 Rc6 27. Nf5 Re1+ 28. Kh2 Nc8 29. Rb5 Rcc1 30. Bf4 Rc2 31. Rxd5 Ree2 32. Bg3 g6 33. Ne3 Rc1 34. Rd8+ Kg7 35. Rd7+ Kg8 36. Rd8+ Kg7 37. Rd7+ Kg8 1/2-1/2

[Event "CZE-ch U16 Girls 2020"]
[Site "Kouty nad Desnou"]
[Date "2020.03.09"]
[Round "4.3"]
[White "Strnadova, Monika"]
[Black "Leksova, Sona"]
[Result "1/2-1/2"]
[ECO "B01"]
[WhiteElo "1514"]
[BlackElo "1645"]
[Annotator "NA"]
[PlyCount "82"]
[EventDate "2020.03.07"]
[EventCountry "CZE"]
[SourceTitle "playchess.com"]
[Source "ChessBase"]
[SourceQuality "1"]
[TimeControl "5400+30"]

1. e4 d5 2. exd5 Qxd5 3. Nc3 Qa5 4. Nf3 c6 5. d4 Nf6 6. Bd2 Bg4 7. Bc4 Nbd7 8. Nd5 Qd8 9. Nxf6+ Nxf6 10. Ne5 Be6 11. Bxe6 fxe6 12. Bg5 g6 13. O-O Bg7 14. c3 Ne4 15. Be3 O-O 16. Qg4 Bxe5 17. dxe5 Qd5 18. Bh6 Rf7 19. Qe2 Nc5 20. Rfd1 Qe4 21. Qxe4 Nxe4 22. Be3 b6 23. Rd7 Nc5 24. Bxc5 bxc5 25. Rc7 Rb8 26. b3 a5 27. Rxc6 a4 28. bxa4 Rb2 29. f3 g5 30. g3 Rxf3 31. Rf1 Rxc3 32. Rc8+ Kg7 33. Rcf8 Rcc2 34. R8f2 Rxa2 35. Rxc2 Rxc2 36. Ra1 Rb2 37. Rc1 Ra2 38. Rc4 Kf7 39. g4 Ke8 40. Rxc5 Rxa4 41. h3 Ra2 1/2-1/2

[Event "CZE-ch U16 Girls 2020"]
[Site "Kouty nad Desnou"]
[Date "2020.03.09"]
[Round "4.4"]
[White "Gregurkova, Nikola"]
[Black "Semova, Lada"]
[Result "1-0"]
[ECO "B18"]
[WhiteElo "1642"]
[BlackElo "1477"]
[Annotator "NA"]
[PlyCount "99"]
[EventDate "2020.03.07"]
[EventCountry "CZE"]
[SourceTitle "playchess.com"]
[Source "ChessBase"]
[SourceQuality "1"]
[TimeControl "5400+30"]

1. e4 c6 2. d4 d5 3. Nc3 dxe4 4. Nxe4 Bf5 5. Ng3 Bg6 6. Nh3 Nf6 7. Nf4 e5 8. Nxg6 hxg6 9. dxe5 Qa5+ 10. Bd2 Qxe5+ 11. Qe2 Nbd7 12. Qxe5+ Nxe5 13. Bc3 Ned7 14. Bc4 Nb6 15. Bb3 Nbd5 16. Bxf6 gxf6 17. Bxd5 cxd5 18. Rd1 O-O-O 19. O-O Bc5 20. Rd3 Rh4 21. Rfd1 Rf4 22. R1d2 Kc7 23. Nf1 Kc6 24. Ne3 d4 25. Nf1 Rh8 26. h3 f5 27. Nh2 Re4 28. Nf3 Rhe8 29. Nxd4+ Bxd4 30. Rxd4 Rxd4 31. Rxd4 Re1+ 32. Kh2 Re2 33. Rc4+ Kd6 34. Kg3 g5 35. Kf3 Re1 36. a4 a6 37. b3 b5 38. axb5 axb5 39. Rc8 Re5 40. Rc3 b4 41. Rc4 Rb5 42. g3 Ke5 43. Ke3 Rb6 44. Rc5+ Kf6 45. Rc4 Ke5 46. Kf3 Rb5 47. h4 g4+ 48. Ke3 Rb6 49. Rc5+ Kf6 50. Kf4 1-0

[Event "CZE-ch U16 Girls 2020"]
[Site "Kouty nad Desnou"]
[Date "2020.03.09"]
[Round "4.5"]
[White "Habinova, Alice"]
[Black "Vsetulova, Viktorie"]
[Result "0-1"]
[ECO "B01"]
[WhiteElo "1474"]
[BlackElo "1334"]
[Annotator "NA"]
[PlyCount "58"]
[EventDate "2020.03.07"]
[EventCountry "CZE"]
[SourceTitle "playchess.com"]
[Source "ChessBase"]
[SourceQuality "1"]
[TimeControl "5400+30"]

1. e4 d5 2. exd5 Nf6 3. Bb5+ Bd7 4. Bc4 Bg4 5. f3 Bf5 6. Nc3 Nbd7 7. Nge2 Nb6 8. Bb3 Nbxd5 9. d4 e6 10. O-O Be7 11. Bd2 O-O 12. Ng3 Bg6 13. Nce4 c6 14. Qe2 Qc7 15. Rad1 c5 16. c3 Rfd8 17. f4 Nxe4 18. Nxe4 Nf6 19. Nxf6+ Bxf6 20. dxc5 Bd3 21. Qf3 Bxf1 22. Kxf1 Rd7 23. f5 exf5 24. Qxf5 Rad8 25. Qf2 Qxh2 26. Ba4 Qh1+ 27. Ke2 Re7+ 28. Be3 Rxd1 29. Bxd1 Bg5 0-1

[Event "CZE-ch U16 Girls 2020"]
[Site "Kouty nad Desnou"]
[Date "2020.03.09"]
[Round "4.6"]
[White "Maresova, Michaela"]
[Black "Merinska, Julie"]
[Result "1-0"]
[ECO "C41"]
[WhiteElo "1422"]
[BlackElo "1182"]
[Annotator "NA"]
[PlyCount "83"]
[EventDate "2020.03.07"]
[EventCountry "CZE"]
[SourceTitle "playchess.com"]
[Source "ChessBase"]
[SourceQuality "1"]
[TimeControl "5400+30"]

1. e4 e5 2. d4 exd4 3. Nf3 d6 4. Nxd4 Nf6 5. Nc3 g6 6. h3 h5 7. Bg5 Be7 8. Nf3 Be6 9. e5 Nfd7 10. Bxe7 Qxe7 11. exd6 cxd6 12. Be2 Nc6 13. Nb5 O-O 14. Qxd6 Qxd6 15. Nxd6 b6 16. a3 Nf6 17. Nb5 Rad8 18. O-O Nd5 19. Rfe1 Nf4 20. Nc3 Nxe2+ 21. Nxe2 Rfe8 22. Nf4 Bf5 23. Rxe8+ Rxe8 24. Re1 Rd8 25. c3 Kf8 26. Re2 a5 27. Rd2 Re8 28. Nd4 Ne7 29. Nxf5 Nxf5 30. Kh2 Rc8 31. g4 hxg4 32. hxg4 Ne7 33. Rd3 Nc6 34. Nd5 b5 35. Nf4 Ne5 36. Rg3 Rd8 37. b3 Rd2 38. Kg2 g5 39. Nh3 f6 40. Ng1 Kf7 41. Nf3 Nd3 42. Nxd2 1-0

[Event "CZE-ch U16 Girls 2020"]
[Site "Kouty nad Desnou"]
[Date "2020.03.09"]
[Round "4.7"]
[White "Londinova,, Jasmina Marie"]
[Black "Vlachynska, Lilian"]
[Result "1/2-1/2"]
[ECO "C50"]
[WhiteElo "1224"]
[BlackElo "1224"]
[Annotator "NA"]
[PlyCount "23"]
[EventDate "2020.03.07"]
[EventCountry "CZE"]
[SourceTitle "playchess.com"]
[Source "ChessBase"]
[SourceQuality "1"]
[TimeControl "5400+30"]

1. e4 e5 2. Nf3 Nc6 3. Bc4 Nf6 4. d3 Bc5 5. O-O d6 6. Nc3 Bg4 7. Be3 Bb6 8. h3 Bh5 9. Nd5 Nxd5 10. Bxd5 Qd7 11. c3 O-O 12. a3 1/2-1/2

[Event "CZE-ch U16 Girls 2020"]
[Site "Kouty nad Desnou"]
[Date "2020.03.09"]
[Round "4.7"]
[White "Vlachynska, Lilian"]
[Black "Vlachynska, Lilian"]
[Result "*"]
[ECO "C50"]
[WhiteElo "1224"]
[BlackElo "1224"]
[Annotator "NA"]
[PlyCount "22"]
[EventDate "2020.03.07"]
[EventCountry "CZE"]
[SourceTitle "playchess.com"]
[Source "ChessBase"]
[SourceQuality "1"]
[TimeControl "5400+30"]

1. e4 e5 2. Nf3 Nc6 3. Bc4 Nf6 4. d3 Bc5 5. O-O d6 6. Nc3 Bg4 7. Be3 Bb6 8. h3 Bh5 9. Nd5 Nxd5 10. Bxd5 Qd7 11. c3 O-O *

[Event "CZE-ch U16 Girls 2020"]
[Site "Kouty nad Desnou"]
[Date "2020.03.09"]
[Round "4.8"]
[White "Zilava, Anezka"]
[Black "Kuncicka, Klara"]
[Result "0-1"]
[ECO "C50"]
[WhiteElo "1224"]
[BlackElo "1223"]
[Annotator "NA"]
[PlyCount "50"]
[EventDate "2020.03.07"]
[EventCountry "CZE"]
[SourceTitle "playchess.com"]
[Source "ChessBase"]
[SourceQuality "1"]
[TimeControl "5400+30"]

1. e4 e5 2. Nf3 Nc6 3. Bc4 Bc5 4. Nc3 d6 5. d3 h6 6. Be3 Bb6 7. h3 Be6 8. Bb3 Qd7 9. Nd5 Bxe3 10. fxe3 Nge7 11. Nxe7 Qxe7 12. Ba4 Bd7 13. Qd2 O-O-O 14. Qc3 Nb8 15. Bb3 Rhf8 16. O-O-O Nc6 17. Rhe1 f5 18. exf5 Bxf5 19. e4 Bxh3 20. Rd2 Bxg2 21. Ng1 Qg5 22. Kb1 Rf6 23. Bd5 Rdf8 24. Bxc6 bxc6 25. Qxc6 Qxd2 0-1

[Event "CZE-ch U16 Girls 2020"]
[Site "Kouty nad Desnou"]
[Date "2020.03.09"]
[Round "4.9"]
[White "Saskova, Renata"]
[Black "Ruzickova, Ema"]
[Result "0-1"]
[ECO "B13"]
[WhiteElo "1191"]
[BlackElo "1409"]
[Annotator "NA"]
[PlyCount "114"]
[EventDate "2020.03.07"]
[EventCountry "CZE"]
[SourceTitle "playchess.com"]
[Source "ChessBase"]
[SourceQuality "1"]
[TimeControl "5400+30"]

1. e4 c5 2. c3 d5 3. exd5 Qxd5 4. d4 Nf6 5. Nf3 Bg4 6. Be2 e6 7. O-O Be7 8. Be3 cxd4 9. cxd4 O-O 10. Nc3 Qd8 11. Rc1 Nc6 12. Qd2 Rc8 13. Rfd1 a6 14. a3 h6 15. h3 Bh5 16. d5 exd5 17. Nxd5 Nxd5 18. Qxd5 Bg6 19. Ne5 Qxd5 20. Rxd5 Nxe5 21. Rxe5 Rxc1+ 22. Bxc1 Bf6 23. Rc5 Rd8 24. Bf3 Rd7 25. b4 Kh7 26. b5 Bd4 27. Rc4 axb5 28. Rb4 Bd3 29. Bxb7 Bc5 30. Bc6 Rc7 31. Bxb5 Bxb4 32. Bxd3+ Kg8 33. Bb2 Bxa3 34. Bxa3 Rc3 35. Bb2 Rxd3 36. Kf1 Rd2 37. Be5 f5 38. f4 Kf7 39. h4 Ra2 40. g3 g6 41. Kg1 Re2 42. Kf1 Re4 43. Bd6 Re8 44. Bc5 g5 45. hxg5 hxg5 46. fxg5 Kg6 47. Kf2 Kxg5 48. Be3+ Kg4 49. Bf4 Ra8 50. Be5 Ra2+ 51. Kf1 Kf3 52. Kg1 Rg2+ 53. Kf1 Rxg3 54. Bxg3 Kxg3 55. Kg1 f4 56. Kf1 Kf3 57. Kg1 Ke2 0-1

[Event "CZE-ch U16 Girls 2020"]
[Site "Kouty nad Desnou"]
[Date "2020.03.10"]
[Round "5.1"]
[White "Dvorakova, Olga"]
[Black "Stastna, Martina"]
[Result "1-0"]
[ECO "D36"]
[WhiteElo "1793"]
[BlackElo "1700"]
[Annotator "NA RC"]
[PlyCount "101"]
[EventDate "2020.03.07"]
[EventCountry "CZE"]
[SourceTitle "playchess.com"]
[Source "ChessBase"]
[SourceQuality "1"]
[TimeControl "5400+30"]

1. d4 d5 2. c4 e6 3. cxd5 exd5 4. Nc3 Nf6 5. Bg5 c6 6. e3 Be7 7. Bd3 O-O 8. Qc2 Nbd7 9. Nf3 Re8 10. O-O Nf8 11. h3 g6 12. Rab1 Ne6 13. Bh4 Ng7 14. b4 a6 15. a4 Bf5 16. b5 cxb5 17. axb5 a5 18. Bxf5 Nxf5 19. Bxf6 Bxf6 20. Qa2 Ne7 21. b6 Ra6 22. Rb5 Rxb6 23. Qxa5 Rc6 24. Nxd5 Qxa5 25. Nxe7+ Rxe7 26. Rxa5 Rb6 27. Rc1 Rb2 28. d5 Rd7 29. e4 Re2 30. Re1 Rxe1+ 31. Nxe1 Bc3 32. Ra8+ Kg7 33. Nd3 Bd4 34. Ra4 Bc3 35. Rc4 Ba5 36. f4 b5 37. Rc8 f5 38. Nc5 Bb6 39. Kf1 Bxc5 40. Rxc5 fxe4 41. Rxb5 Kf6 42. Ke2 g5 43. Ke3 gxf4+ 44. Kxe4 Rg7 45. Rb6+ Kg5 46. d6 Ra7 47. Ke5 Ra2 48. d7 Rd2 49. Rd6 Re2+ 50. Kd5 Rd2+ 51. Ke6 1-0

[Event "CZE-ch U16 Girls 2020"]
[Site "Kouty nad Desnou"]
[Date "2020.03.10"]
[Round "5.2"]
[White "Gregurkova, Nikola"]
[Black "Vavrinkova, Anna"]
[Result "1-0"]
[ECO "B35"]
[WhiteElo "1642"]
[BlackElo "1622"]
[Annotator "NA RC"]
[PlyCount "35"]
[EventDate "2020.03.07"]
[EventCountry "CZE"]
[SourceTitle "playchess.com"]
[Source "ChessBase"]
[SourceQuality "1"]
[TimeControl "5400+30"]

1. e4 c5 2. Nf3 Nc6 3. d4 cxd4 4. Nxd4 g6 5. Nc3 Bg7 6. Be3 Nf6 7. Bc4 O-O 8. Bb3 a5 9. a4 d5 10. exd5 Nb4 11. Ndb5 Bf5 12. O-O Qd7 13. Qd2 Rfd8 14. Rad1 Ne4 15. Nxe4 Bxe4 16. c3 Na6 17. f3 Bf5 18. g4 1-0

[Event "CZE-ch U16 Girls 2020"]
[Site "Kouty nad Desnou"]
[Date "2020.03.10"]
[Round "5.3"]
[White "Leksova, Sona"]
[Black "Dudova, Pavlina"]
[Result "1/2-1/2"]
[ECO "C01"]
[WhiteElo "1645"]
[BlackElo "1499"]
[Annotator "NA"]
[PlyCount "99"]
[EventDate "2020.03.07"]
[EventCountry "CZE"]
[SourceTitle "playchess.com"]
[Source "ChessBase"]
[SourceQuality "1"]
[TimeControl "5400+30"]

1. e4 e6 2. d4 d5 3. exd5 exd5 4. c4 c6 5. Nc3 Nf6 6. Nf3 Bf5 7. Bg5 Be7 8. cxd5 Nxd5 9. Nxd5 cxd5 10. Bxe7 Qxe7+ 11. Be2 O-O 12. O-O Nc6 13. Re1 Rfe8 14. Bb5 Qd6 15. Bxc6 Qxc6 16. Rc1 Qb6 17. Qd2 Kf8 18. Rxe8+ Rxe8 19. Re1 Rc8 20. Qe3 Be6 21. Ng5 Kg8 22. h3 Rc6 23. Qd3 g6 24. Nxe6 Rxe6 25. Rxe6 fxe6 26. Qc3 Kf7 27. g4 h6 28. Kg2 g5 29. Qd2 Kg7 30. b3 Qa6 31. a4 Qc6 32. h4 gxh4 33. Kh3 Qd6 34. Qe3 Qe7 35. Qe5+ Kh7 36. f4 Qf7 37. Kxh4 a6 38. a5 Qe7+ 39. g5 hxg5+ 40. Qxg5 Qb4 41. Qh5+ Kg7 42. Qe5+ Kf7 43. Qc7+ Ke8 44. Qb6 Qe7+ 45. Kg4 Qg7+ 46. Kf3 Qf7 47. Qc5 Qh5+ 48. Kg3 Qg6+ 49. Kf2 Kd7 50. Qb6 1/2-1/2

[Event "CZE-ch U16 Girls 2020"]
[Site "Kouty nad Desnou"]
[Date "2020.03.10"]
[Round "5.4"]
[White "Vsetulova, Viktorie"]
[Black "Strnadova, Monika"]
[Result "1-0"]
[ECO "A48"]
[WhiteElo "1334"]
[BlackElo "1514"]
[Annotator "NA RC"]
[PlyCount "123"]
[EventDate "2020.03.07"]
[EventCountry "CZE"]
[SourceTitle "playchess.com"]
[Source "ChessBase"]
[SourceQuality "1"]
[TimeControl "5400+30"]

1. d4 g6 2. Nf3 Nf6 3. Bf4 Bg7 4. e3 d6 5. Bd3 O-O 6. O-O Nbd7 7. c3 Re8 8. e4 a6 9. a4 b6 10. Nbd2 Bb7 11. Qc2 e5 12. Bg5 d5 13. Rfe1 c5 14. b3 Rc8 15. Qb1 h6 16. Bh4 g5 17. Bg3 cxd4 18. cxd4 exd4 19. e5 Ng4 20. Bh7+ Kh8 21. Bf5 Ngxe5 22. Nxe5 Nxe5 23. Bxc8 Qxc8 24. Bxe5 Rxe5 25. Rxe5 Bxe5 26. Nf3 Bg7 27. Qd3 Qc3 28. Rd1 Qxd3 29. Rxd3 b5 30. axb5 axb5 31. Nxd4 Bxd4 32. Rxd4 Kg7 33. f3 Kf6 34. Kf2 Ke5 35. Ke3 f5 36. Rd1 f4+ 37. Kd3 d4 38. Re1+ Kd5 39. Re8 Kc5 40. Rd8 Kb4 41. Kxd4 Kxb3 42. Kc5 g4 43. Rb8 gxf3 44. gxf3 Bxf3 45. Rxb5+ Kc2 46. Kd4 Be2 47. Rf5 f3 48. Ke3 Kc3 49. Rf6 h5 50. Rh6 Bd1 51. Kf2 Kd4 52. Rxh5 Ke4 53. h4 Kf4 54. Rg5 Bc2 55. Rg3 Be4 56. h5 Kf5 57. h6 Kf6 58. Ke3 Bb1 59. Kxf3 Bc2 60. Kf4 Bb1 61. Rg7 Bg6 62. Kg4 1-0

[Event "CZE-ch U16 Girls 2020"]
[Site "Kouty nad Desnou"]
[Date "2020.03.10"]
[Round "5.5"]
[White "Semova, Lada"]
[Black "Maresova, Michaela"]
[Result "1/2-1/2"]
[ECO "D36"]
[WhiteElo "1477"]
[BlackElo "1422"]
[Annotator "NA RC"]
[PlyCount "96"]
[EventDate "2020.03.07"]
[EventCountry "CZE"]
[SourceTitle "playchess.com"]
[Source "ChessBase"]
[SourceQuality "1"]
[TimeControl "5400+30"]

1. d4 d5 2. c4 e6 3. Nc3 Nf6 4. cxd5 exd5 5. Bg5 Be7 6. e3 c6 7. Qc2 Nbd7 8. Bd3 O-O 9. Nge2 Re8 10. O-O-O Nf8 11. h4 Nh5 12. Bxe7 Qxe7 13. Kb1 g6 14. Rdg1 Nf6 15. Nd1 h5 16. Nf4 Ne6 17. Nh3 Ng7 18. f3 Nf5 19. Re1 Nxh4 20. e4 dxe4 21. fxe4 Nd7 22. Qe2 Qd8 23. Qf2 g5 24. Nxg5 Qxg5 25. Qxh4 Qxh4 26. Rxh4 Nf6 27. e5 Nd5 28. Rxh5 Nf4 29. Rg5+ Kf8 30. Bh7 Ke7 31. Ne3 Be6 32. Rf1 Nd5 33. Nf5+ Bxf5+ 34. Rfxf5 Rad8 35. Rg7 Rf8 36. Rf3 Nc7 37. Rg4 Ne6 38. Rd3 Rh8 39. Bf5 Rh5 40. Bxe6 Kxe6 41. Kc2 Rd5 42. Rf4 Rg5 43. Rf6+ Ke7 44. g3 c5 45. dxc5 Rxc5+ 46. Kb3 Rcxe5 47. Rdf3 Rg7 48. Kc4 Rg4+ 1/2-1/2

[Event "CZE-ch U16 Girls 2020"]
[Site "Kouty nad Desnou"]
[Date "2020.03.10"]
[Round "5.6"]
[White "Kuncicka, Klara"]
[Black "Londinova, Jasmina Marie"]
[Result "1-0"]
[ECO "C55"]
[WhiteElo "1223"]
[BlackElo "1155"]
[Annotator "NA RC"]
[PlyCount "39"]
[EventDate "2020.03.07"]
[EventCountry "CZE"]
[SourceTitle "playchess.com"]
[Source "ChessBase"]
[SourceQuality "1"]
[TimeControl "5400+30"]

1. e4 e5 2. Nf3 Nc6 3. Bc4 Nf6 4. d3 h6 5. c3 d5 6. exd5 Nxd5 7. h3 Qd6 8. Qb3 Nce7 9. O-O c6 10. Re1 Ng6 11. d4 f6 12. Nbd2 Kd8 13. Ne4 Qc7 14. Bxd5 cxd5 15. Qxd5+ Qd7 16. Qb3 exd4 17. Nxd4 Ne5 18. Rd1 Ke8 19. Bf4 Nc6 20. Nb5 1-0

[Event "CZE-ch U16 Girls 2020"]
[Site "Kouty nad Desnou"]
[Date "2020.03.10"]
[Round "5.7"]
[White "Ruzickova, Ema"]
[Black "Habinova, Alice"]
[Result "0-1"]
[ECO "C90"]
[WhiteElo "1409"]
[BlackElo "1474"]
[Annotator "NA"]
[PlyCount "92"]
[EventDate "2020.03.07"]
[EventCountry "CZE"]
[SourceTitle "playchess.com"]
[Source "ChessBase"]
[SourceQuality "1"]
[TimeControl "5400+30"]

1. e4 e5 2. Nf3 Nc6 3. Bb5 a6 4. Ba4 d6 5. O-O Bg4 6. c3 Nf6 7. Re1 Be7 8. d3 O-O 9. Nbd2 b5 10. Bb3 d5 11. h3 dxe4 12. dxe4 Bh5 13. Nf1 Qxd1 14. Bxd1 Rad8 15. Ng3 Bg6 16. Bc2 Bc5 17. Be3 Bxe3 18. Rxe3 Rd7 19. Re2 Rfd8 20. a3 h6 21. Rae1 Nh5 22. Nxh5 Bxh5 23. g4 Bg6 24. Kf1 Rd6 25. Re3 R8d7 26. R1e2 f6 27. b4 Bf7 28. Ke1 Nd8 29. Rd2 Ne6 30. Kd1 Nf4 31. Kc1 Bc4 32. Re1 Nxh3 33. Rxd6 Rxd6 34. Nd2 Be6 35. f3 Nf4 36. Re3 g6 37. a4 h5 38. gxh5 gxh5 39. Nf1 Bc4 40. Ng3 Ng2 41. Nf5 Nxe3 42. Nxd6 cxd6 43. axb5 axb5 44. Bd1 h4 45. Be2 h3 46. Bxc4+ Nxc4 0-1

[Event "CZE-ch U16 Girls 2020"]
[Site "Kouty nad Desnou"]
[Date "2020.03.10"]
[Round "5.8"]
[White "Vlachynska, Lilian"]
[Black "Merinska, Julie"]
[Result "1-0"]
[ECO "C46"]
[WhiteElo "1224"]
[BlackElo "1182"]
[Annotator "NA"]
[PlyCount "91"]
[EventDate "2020.03.07"]
[EventCountry "CZE"]
[SourceTitle "playchess.com"]
[Source "ChessBase"]
[SourceQuality "1"]
[TimeControl "5400+30"]

1. e4 e5 2. Nf3 Nc6 3. Nc3 Bc5 4. Nxe5 Nxe5 5. d4 Bxd4 6. Qxd4 Qf6 7. Qe3 Ne7 8. f4 N5c6 9. Bc4 O-O 10. O-O Qd4 11. Bd3 d6 12. Nb5 Qxe3+ 13. Bxe3 Bd7 14. Nxc7 Rac8 15. Nb5 d5 16. Nxa7 Nxa7 17. Bxa7 dxe4 18. Bxe4 Bc6 19. Bxc6 Nxc6 20. Bc5 Rfe8 21. c3 Re2 22. Rf2 Rce8 23. Rxe2 Rxe2 24. Ba3 b5 25. Rd1 g6 26. Kf1 Re4 27. g3 Kg7 28. Kf2 Kf6 29. Rd6+ Re6 30. Rxe6+ Kxe6 31. Ke3 Kd5 32. Kd3 Na5 33. b3 f5 34. Bb4 Nc6 35. a3 Ke6 36. c4 bxc4+ 37. Kxc4 Kd7 38. Bc3 Kd6 39. b4 Na7 40. a4 Nc8 41. a5 Na7 42. b5 Kd7 43. Kc5 Nc8 44. Be5 Na7 45. b6 Nc6 46. a6 1-0